 Dungeon Crawl Stone Soup version 0.21-a0-84-g85d6d27 (webtiles) character file.

1408 xodi the Magician (level 8, 36/36 HPs)
             Began as a Spriggan Earth Elementalist on Feb 19, 2017.
             Quit the game in the Ecumenical Temple on June 25, 2017.
             The game lasted 00:30:32 (6858 turns).

xodi the Magician (Spriggan Earth Elementalist)     Turns: 6858, Time: 00:30:33

Health: 36/36      AC:  2    Str:  5    XL:     8   Next: 42%
Magic:  20/20      EV: 20    Int: 17    God:
Gold:   282        SH:  0    Dex: 17    Spells: 11/22 levels left

rFire    . . .     SeeInvis +   y - +0 dagger (speed)
rCold    . . .     Gourm    .   (shield restricted)
rNeg     . . .     Faith    .   c - +0 robe
rPois    .         Spirit   .   u - +0 hat
rElec    .         Reflect  .   (no cloak)
rCorr    .         Harm     .   (gloves unavailable)
MR       +....                  (boots unavailable)
Stlth    +++.......             (no amulet)
HPRegen  0.12/turn              (no ring)
MPRegen  0.17/turn              (no ring)

@: very quick
A: unfitting armour, see invisible, herbivore 3, speed 3, slow metabolism 2
a: no special abilities


You were in the Ecumenical Temple.
You were full.

You visited 2 branches of the dungeon, and saw 6 of its levels.
You also visited: Ossuary.

You collected 282 gold pieces.

Inventory:

Hand Weapons
 m - a +0 dagger
 y - a +0 dagger of speed (weapon)
 B - a +1 vampiric short sword
 C - a +0 short sword of freezing
Missiles
 b - 105 stones (quivered)
Armour
 c - a +0 robe (worn)
 u - a +0 hat (worn)
Jewellery
 A - an uncursed ring of poison resistance {unknown}
Wands
 s - a wand of acid (5/15)
 F - a wand of flame (17/48)
Scrolls
 a - 2 scrolls of enchant armour {unknown}
 g - a scroll of fear {unknown}
 h - 2 scrolls of remove curse {unknown}
 i - 5 scrolls of teleportation {unknown}
 l - a scroll of recharging {unknown}
 p - 2 scrolls of blinking {unknown}
 q - 4 scrolls of amnesia {unknown}
 t - a scroll of random uselessness {unknown}
 v - a scroll of immolation {unknown}
 w - 2 scrolls of identify {unknown}
 D - a scroll of enchant weapon {unknown}
Potions
 f - 2 potions of lignification {unknown}
 j - a potion of invisibility {unknown}
 n - a potion of heal wounds {unknown}
 o - 3 potions of curing
 x - 2 potions of resistance {unknown}
 z - a potion of flight {unknown}
 E - 2 potions of degeneration {unknown}
 G - a potion of might {unknown}
Books
 e - a book of Geomancy

   Spells                             Type                      Level
   a - Sandblast                      Earth                        1
   b - Passwall                       Transmutation/Earth          2
   c - Stone Arrow                    Conjuration/Earth            3
   d - Petrify                        Transmutation/Earth          4
   e - Lee's Rapid Deconstruction     Earth                        5
 H - a book of Conjurations

   Spells                             Type                      Level
   a - Magic Dart                     Conjuration                  1
   b - Searing Ray                    Conjuration                  2
   c - Dazzling Spray                 Conjuration/Hexes            3
   d - Fulminant Prism                Conjuration/Hexes            4
   e - Force Lance                    Conjuration/Translocation    4
   f - Iskenderun's Mystic Blast      Conjuration                  4
Comestibles
 d - 4 bread rations
 k - a fruit
 r - a royal jelly


   Skills:
 - Level 5.0 Dodging
 + Level 5.2 Stealth
 + Level 7.7 Spellcasting
 + Level 1.5 Conjurations
 + Level 1.3 Transmutations
 * Level 7.0 Earth Magic


You had 11 spell levels left.
You knew the following spells:

 Your Spells              Type           Power        Failure   Level  Hunger
a - Sandblast             Erth           ####..       1%          1    None
b - Stone Arrow           Conj/Erth      ###...       5%          3    #......
c - Passwall              Tmut/Erth      ###.......   3%          2    None
d - Lee's Rapid Deconstr  Erth           ####......   16%         5    #####..


Dungeon Overview and Level Annotations

Branches:
Dungeon (5/15)             Temple (1/1) D:5

Altars:
Ashenzari
Cheibriados
Dithmenos
Elyvilon
Fedhas
Gozag
Hepliaklqana
Kikubaaqudgha
Makhleb
Nemelex Xobeh
Okawaru
Qazlal
Ru
Sif Muna
Trog
Uskayaw
Vehumet
Xom
Yredelemnul
Zin
The Shining One

Annotations:
D:1 Sigmund


Innate Abilities, Weirdness & Mutations

You are very small and have problems with some larger weapons.
You are too small for most types of armour.
You have supernaturally acute eyesight. (SInv)
You are a herbivore.
You cover ground extremely quickly.
You need consume almost no food.


Message History

You are already empty-handed.
Your hands tingle!
y - a +0 dagger of speed (weapon)
(D) Dungeon (T) Temple
Where to? (Enter - Temple @ (x,y), ? - help)
Okay, then.
There's nothing to open nearby.
Done exploring.
(D) Dungeon (T) Temple
Where to? (Enter - Temple @ (x,y), ? - help)
Okay, then.
There are no items here.
Search for what [? for help]? altar Quiver which item? (- for none, * to show all) (? for menu, Esc to quit)
Okay, then.
Press: ? - help, v - describe, . - travel The floor.
Unknown command.
Unknown command.
Are you sure you want to abandon this character and quit the game? (Confirm with "yes".)

#...........#
#####._.##.##._.#####
#...................#
#####._.##.##.⌠.##.##._.#####
#...........................#
#._.##.##._.##.##._.##.##._.#####
................................#
##.##._.##.##.<.##.##._.##.##._.#
................@...............#
#._.##.##.⌠.##.##.⌠.##.##._.#####
#...........................#
#####._.##.##._.##.##._.#####
#...................#
#####._.##.##._.#####
#...........# #####._.##### #...#


There were no monsters in sight!

Vanquished Creatures
  Grinder (D:4)
  A sky beast (D:5)
  An ogre (D:5)
  A big kobold (D:4)
  2 elf zombies (Ossuary)
  A scorpion (D:4)
  A howler monkey (D:4)
  A crimson imp (D:5)
  7 centaur zombies (Ossuary)
  A hound (D:4)
  An orc wizard (D:5)
  3 human zombies (Ossuary)
  A jelly (D:5)
  Natasha (twice) (D:4)
  3 mummies (Ossuary)
  8 adders
  An ooze (D:5)
  3 worms
  4 dart slugs
  5 leopard geckos
  5 orcs
  A ball python (D:3)
  4 bats
  7 giant cockroaches
  8 goblins
  17 hobgoblins
  12 jackals
  32 kobolds
  4 quokkas
  4 frilled lizards
  6 rats
148 creatures vanquished.

Notes
Turn   | Place    | Note
-------+----------+-------------------------------------------
     0 | D:1      | xodi the Spriggan Earth Elementalist began the quest for the Orb.
     0 | D:1      | Reached XP level 1. HP: 9/9 MP: 5/5
   220 | D:1      | Reached XP level 2. HP: 11/13 MP: 2/6
   794 | D:1      | Reached XP level 3. HP: 16/16 MP: 1/8
  1033 | D:1      | Learned a level 3 spell: Stone Arrow
  1036 | D:2      | Noticed Sigmund
  2145 | D:2      | Reached XP level 4. HP: 14/21 MP: 10/10
  2242 | D:2      | Learned a level 2 spell: Passwall
  3265 | D:4      | Reached XP level 5. HP: 24/24 MP: 2/12
  3414 | D:4      | Reached skill level 5 in Spellcasting
  3414 | D:4      | Reached XP level 6. HP: 19/28 MP: 1/14
  3536 | D:4      | Found a sand-covered staircase.
  3541 | Ossuary  | Entered an ossuary
  3883 | Ossuary  | Reached skill level 5 in Earth Magic
  4166 | Ossuary  | Reached XP level 7. HP: 13/32 MP: 1/17
  4911 | D:4      | Reached skill level 1 in Conjurations
  4921 | D:4      | Learned a level 5 spell: Lee's Rapid Deconstruction
  5415 | D:4      | Noticed Natasha
  5421 | D:4      | Killed Natasha
  5636 | D:4      | Noticed Grinder
  5643 | D:4      | Killed Grinder
  5643 | D:4      | Reached skill level 5 in Stealth
  5643 | D:4      | Reached XP level 8. HP: 36/36 MP: 0/19
  5731 | D:4      | Upgraded the game from 0.20-a0-689-g860b9ab to 0.21-a0-84-g85d6d27
  6088 | D:4      | Noticed Natasha
  6095 | D:4      | Killed Natasha
  6138 | D:5      | Entered Level 5 of the Dungeon
  6313 | D:5      | Found a sacrificial altar of Ru.
  6736 | D:5      | Reached skill level 5 in Dodging
  6755 | D:5      | Found a staircase to the Ecumenical Temple.
  6768 | Temple   | Entered the Ecumenical Temple
  6858 | Temple   | Quit the game

Vault maps used:
D:1:      ncdulo_lavacross
D:2:      serial_glass, glass_columns_a, glass_columns_a, feat_on_display,
          feat_on_display, item_on_display_a, minmay_strange_pillars,
          first_bread, uniq_sigmund
D:3:      saegor_snake_ambush
D:4:      kennysheep_kobold_camp, enter_ossuary_2, uniq_grinder, uniq_natasha
D:5:      minmay_temple_entry_trees, nicolae_ru_sacrificial_ziggurat
Temple:   grunt_wide_crystal_templ
Ossuary:  ossuary_minmay_four_chambers

Skill      XL: |  1  2  3  4  5  6  7  8 |
---------------+-------------------------+-----
Earth Magic    | 3 4 5 6 7 |  7.0
Spellcasting   | 3 4 5 6 7 |  7.7
Stealth        | 4 5 |  5.2
Dodging        | 4 5 |  5.0
Conjurations   | 1 |  1.5
Transmutations | |  1.3

Action                   |  1- 3 |  4- 6 |  7- 9 || total
-------------------------+-------+-------+-------++-------
Melee: Unarmed           |    63 |       |       ||    63
       Dagger            |    54 |    57 |   135 ||   246
Throw: Stone             |     4 |       |       ||     4
 Cast: Sandblast         |    63 |    48 |    37 ||   148
       Stone Arrow       |     1 |    25 |    53 ||    79
       Passwall          |       |     2 |       ||     2
       Lee's Rapid Decon |       |       |     3 ||     3
  Use: Potion            |       |     1 |       ||     1
 Stab: Distracted        |     1 |       |     2 ||     3
       Sleeping          |     3 |     5 |     2 ||    10
  Eat: Fruit             |       |     2 |       ||     2
       Bread ration      |       |       |     2 ||     2
Armor: Robe              |    10 |     5 |    15 ||    30
Dodge: Dodged            |   105 |    60 |   129 ||   294
